Map: 엔디온 잔해

Players

llllllllllll

  • Race: Terran Terran
  • League: Grandmaster

llllllllllll (Scarlett) - Winner!

  • Race: Zerg Zerg
  • League: Grandmaster

VOD

Have the link to the VOD?

Description

Time

  • Played on: April 14, 2016, 5:41 a.m.
  • Length: 5:37
Show
View Real Time Build Order
Export as new Build Order

llllllllllll Terran 

Build Orders: Reaper Expand, Hellion Banshee 

Get SALT Encoding   

  12  0:00  SCV  
  13  0:13  SCV  
  14  0:20  Supply Depot  
  14  0:25  SCV  
  15  0:42  SCV  
  16  0:44  Barracks  
  16  0:46  Refinery  
  16  0:54  SCV  
  17  1:06  SCV  
  18  1:18  SCV  
  19  1:31  Orbital Command, Reaper  
  20  1:40  Command Center  
  20  1:49  Supply Depot  
  20  1:56  SCV  
  21  2:03  Marine  
  22  2:08  SCV  
  22  2:10  Factory  
  22  2:14  Refinery  
  23  2:21  SCV  
  24  2:25  Barracks Reactor  
  23  2:33  SCV  
  23  2:45  SCV  
  23  2:54  Hellion  
  23  2:56  Starport  
  23  2:57  SCV  
  26  3:02  Marine x2, Supply Depot  
  28  3:09  SCV  
  28  3:21  SCV  
  29  3:31  Command Center  
  29  3:34  Medivac  
  31  3:43  Hellion x2  
  31  3:46  SCV  
  36  3:50  Marine  
  36  3:54  Armory  
  37  4:00  Supply Depot  
  37  4:14  Hellion  
  39  4:18  Starport Tech Lab  
  39  4:21  SCV  
  39  4:22  Hellion  
  42  4:33  SCV  
  42  4:36  Hellion  
  45  4:43  Banshee  
  48  4:46  SCV  
  48  4:48  Hellion  
  51  4:57  Hellion  
  53  5:04  SCV  
  48  5:31  Command Center  
Show
View Real Time Build Order
Export as new Build Order

llllllllllll Zerg - Winner!

Build Orders: Pool First 

Get SALT Encoding   

  12  0:01  Drone  
  13  0:10  Drone  
  14  0:15  Extractor  
  14  0:16  Drone  
  14  0:32  Spawning Pool  
  13  0:39  Drone  
  14  0:46  Overlord  
  14  0:55  Extractor  
  14  0:56  Drone  
  15  1:06  Drone x2  
  17  1:21  Queen, Metabolic Boost  
  19  1:25  Zergling x2  
  19  1:29  Zergling x2  
  21  1:36  Drone  
  22  1:46  Overlord  
  22  2:02  Hatchery  
  22  2:08  Queen  
  21  2:13  Drone  
  21  2:15  Zergling x2  
  25  2:23  Zergling x2  
  26  2:37  Zergling x4  
  28  2:39  Drone x2  
  30  2:49  Lair  
  30  2:53  Extractor  
  30  2:54  Drone  
  30  3:07  Overlord  
  30  3:14  Drone  
  30  3:15  Drone x3  
  33  3:22  Drone  
  34  3:30  Overlord  
  36  3:39  Drone x2  
  37  3:42  Drone x3  
  37  3:46  Drone  
  41  3:51  Spire  
  38  3:56  Drone  
  39  4:06  Drone x6  
  45  4:12  Overlord  
  45  4:13  Drone  
  45  4:16  Extractor  
  45  4:23  Drone x2  
  45  4:24  Drone  
  48  4:31  Spine Crawler  
  46  4:40  Zergling x14  
  51  5:02  Mutalisk x4  
  51  5:06  Mutalisk  
  51  5:13  Zergling x10  
Tags
 
Add a new tag
Caveats
  • Supply blocks, unpowered buildings, or Contaminate may cause inaccurate times.
  • Supply counts are checked every 10 seconds.